 Dungeon Crawl Stone Soup version 0.31-a0-164-g2312942fda (webtiles) character file.

Game seed: 1631288056817134741

96 qw the Chopper (level 4, -1/28 HPs)
             Began as a Gargoyle Fighter on June 13, 2023.
             Slain by an orc
             ... wielding a +0 morningstar
              (8 damage)
             ... on level 3 of the Dungeon.
             The game lasted 00:01:10 (1857 turns).

qw the Chopper (Gargoyle Fighter)                   Turns: 1857, Time: 00:01:11

Health: -1/28      AC: 11    Str: 22    XL:     4   Next: 67%
Magic:  4/4        EV:  9    Int:  8    God:
Gold:   122        SH:  4    Dex:  9    Spells: 3/3 levels left

rFire   . . .        Y - +0 war axe
rCold   . . .        c - +0 buckler
rNeg    + . .        b - +0 scale mail
rPois   inf          (no helmet)
rElec   +            i - +0 cloak
rCorr   .            (no gloves)
SInv    .            (no boots)
Will    .....        (no amulet) Stlth
                     (no ring)
HPRegen 0.24/turn    (no ring)
MPRegen 0.09/turn

%: no passive effects
@: no status effects
A: sickness immunity, AC +3, negative energy resistance 1, electricity
resistance, torment resistance 1, petrification resistance
a: no special abilities


You were on level 3 of the Dungeon.
You visited 1 branch of the dungeon, and saw 3 of its levels.

You collected 122 gold pieces.


Innate Abilities, Weirdness & Mutations

You are immune to sickness and miasma.
Your stone body is resilient. (AC +3)
You are immune to poison.
You resist negative energy. (rN+)
You are resistant to electric shocks. (rElec)
You are resistant to unholy torment.
You are immune to petrification.


   Skills:
 - Level 3.2 Fighting
 + Level 4.3 Axes
 - Level 3.2 Armour
 - Level 3.2 Shields


You had 3 spell levels left.
You didn't know any spells.
Your spell library was empty.

Inventory:

Hand Weapons
 k - a +0 mace
 Y - a +0 war axe (weapon)
Armour
 a - the -2 pair of boots of the Alphagorgon {Harm Fly}
   (You acquired it on level 1 of the Dungeon)

   Fly:       It grants you flight.
   Harm:      It increases damage dealt and taken.
 b - a +0 scale mail (worn)
 c - a +0 buckler (worn)
 i - a +0 cloak (worn)
 p - a +0 plate armour
Scrolls
 j - a scroll of enchant weapon {unknown}
 l - a scroll of enchant armour {unknown}
 n - 2 scrolls of teleportation
 o - 2 scrolls of blinking {unknown}
Potions
 d - a potion of might
 e - a potion of cancellation {unknown}
 f - a potion of heal wounds {unknown}
 g - 2 potions of curing {unknown}
 h - a potion of attraction {unknown}
 m - a potion of enlightenment {unknown}

Dungeon Overview and Level Annotations

Branches:
Dungeon (3/15)

Altars:


Message History

1839 ||| FLEEEEING.
1841 ||| FLEEEEING.
The orc priest calls down the wrath of Beogh upon you.
Beogh smites you!
Ouch! That really hurt!
1842 ||| FLEEEEING.
1843 ||| FLEEEEING.
1844 ||| FLEEEEING.
1845 ||| FLEEEEING.
1846 ||| FLEEEEING.
1847 ||| FLEEEEING.
1848 ||| FLEEEEING.
1849 ||| FLEEEEING.
1850 ||| FLEEEEING.
An endoplasm comes into view.
The endoplasm quivers.
You hit the hobgoblin but do no damage.
The hobgoblin hits you but does no damage.
You closely miss the hobgoblin. The hobgoblin barely misses you.
The orc hits you but does no damage. You block the hobgoblin's attack.
You hit the orc.
The orc is moderately wounded.
You barely miss the hobgoblin. You closely miss the orc. You hit the endoplasm.
The orc barely misses you. The endoplasm freezes you.
You are frozen.
The hobgoblin misses you. The orc closely misses you.
You slash the endoplasm!
You kill the endoplasm!
You hit the orc. You slash the hobgoblin!
You kill the hobgoblin!
You barely miss the orc. The orc barely misses you.
The orc hits you but does no damage.
You barely miss the orc.
The orc is heavily wounded.
You closely miss the orc. You barely miss the orc. The orc closely misses you.
The orc hits you with a +0 morningstar. The orc closely misses you.
The orc barely misses you. The orc hits you but does no damage.
The orc hits you with a +0 morningstar!
You die...

.#.##........###.### ##.## #.
............#.#.## #...# #.
..###.......##.## #...# #.
#.......##.## #...# #.
###.........# #...# #. #
###.......# #...# ## ...
#..###..#######...#######
....##..#....#o..............#
<........#....@o...)...........
.....##.......#o..............#
.... #>.......####.#...#.#####
### #........# #.#...#.#
#..#...#.# #.#...#.#
#......#.####.#...#.#
#..#...#.#..........# #
#........#..oo....### #
.......###...###### #


You could see 3 orcs.

Vanquished Creatures
  3 adders (D:2)
  3 dart slugs
  6 endoplasms
  3 giant cockroaches
  9 goblins
  7 hobgoblins
  4 jackals (D:1)
  3 quokkas
  4 ball pythons
  5 frilled lizards
  8 kobolds
  3 rats
58 creatures vanquished.

Notes
Turn   | Place    | Note
-------+----------+-------------------------------------------
     0 | D:1      | qw the Gargoyle Fighter began the quest for the Orb.
     0 | D:1      | Reached XP level 1. HP: 14/14 MP: 1/1
     0 | D:1      | 0 ||| qw: Version: 0.2-a-29-gc1b59c4
     0 | D:1      | 0 ||| qw: Game counter: 4453
     0 | D:1      | 0 ||| qw: Always use a shield: true
     0 | D:1      | 0 ||| qw: God list: Okawaru
     0 | D:1      | 0 ||| qw: Allow faded altars: false
     0 | D:1      | 0 ||| qw: Do Orc after D:15 true
     0 | D:1      | 0 ||| qw: Do second Lair branch before Depths: true
     0 | D:1      | 0 ||| qw: Lair rune preference: random
     0 | D:1      | 0 ||| qw: Plans: Normal, Zot:1-4, Slime:5, God:TSO, Crypt,
                  | Tomb, Abyss, Pan, Hells, Win
     0 | D:1      | 0 ||| PLANNING D:1-11
    28 | D:1      | 28 ||| Stepping ~*~*~tactically~*~*~ (stealth).
    39 | D:1      | 39 ||| Stepping ~*~*~tactically~*~*~ (stealth).
    45 | D:1      | Reached skill level 2 in Axes
   110 | D:1      | 110 ||| Stepping ~*~*~tactically~*~*~ (stealth).
   115 | D:1      | 115 ||| Stepping ~*~*~tactically~*~*~ (stealth).
   122 | D:1      | Reached XP level 2. HP: 15/19 MP: 2/2
   336 | D:1      | 336 ||| Stepping ~*~*~tactically~*~*~ (hiding).
   337 | D:1      | 337 ||| Stepping ~*~*~tactically~*~*~ (hiding).
   340 | D:1      | 340 ||| Stepping ~*~*~tactically~*~*~ (hiding).
   374 | D:1      | 374 ||| Stepping ~*~*~tactically~*~*~ (stealth).
   386 | D:1      | Reached skill level 3 in Axes
   427 | D:1      | Reached XP level 3. HP: 23/23 MP: 3/3
   452 | D:1      | 452 ||| Stepping ~*~*~tactically~*~*~ (hiding).
   453 | D:1      | 453 ||| Stepping ~*~*~tactically~*~*~ (hiding).
   454 | D:1      | 454 ||| Stepping ~*~*~tactically~*~*~ (hiding).
   457 | D:1      | 457 ||| Stepping ~*~*~tactically~*~*~ (hiding).
   773 | D:1      | 773 ||| DROPPING +0 club.
   812 | D:1      | 812 ||| READING scroll labelled KYSKIRGHAREU.
   813 | D:1      | 813 ||| READING scroll labelled JOMY GICWUN.
   813 | D:1      | Identified a scroll of acquirement
   813 | D:1      | 813 ||| ACQUIRING -2 pair of boots of the Alphagorgon {Harm
                  | Fly}
   813 | D:1      | Acquired the -2 pair of boots of the Alphagorgon {Harm Fly}
   815 | D:1      | 815 ||| READING scroll labelled PUSIASKEER.
   819 | D:1      | 819 ||| READING scroll labelled PEACWE AVOR.
   820 | D:1      | 820 ||| READING scroll labelled ZENUPY SELAY.
   902 | D:2      | Found a faded altar of an unknown god.
   980 | D:2      | 980 ||| Stepping ~*~*~tactically~*~*~ (stealth).
  1082 | D:2      | Reached XP level 4. HP: 28/28 MP: 4/4
  1171 | D:2      | 1171 ||| READING scroll labelled FECYUR EC NUNG.
  1178 | D:2      | Reached skill level 4 in Axes
  1228 | D:2      | 1228 ||| Stepping ~*~*~tactically~*~*~ (stealth).
  1368 | D:2      | 1368 ||| UPGRADING to +0 cloak.
  1399 | D:3      | 1399 ||| Stepping ~*~*~tactically~*~*~ (hiding).
  1817 | D:3      | 1817 ||| Stepping ~*~*~tactically~*~*~ (stealth).
  1835 | D:3      | 1835 ||| FLEEEEING.
  1836 | D:3      | 1836 ||| FLEEEEING.
  1837 | D:3      | 1837 ||| FLEEEEING.
  1838 | D:3      | 1838 ||| FLEEEEING.
  1839 | D:3      | 1839 ||| FLEEEEING.
  1841 | D:3      | 1841 ||| FLEEEEING.
  1842 | D:3      | 1842 ||| FLEEEEING.
  1843 | D:3      | 1843 ||| FLEEEEING.
  1844 | D:3      | 1844 ||| FLEEEEING.
  1845 | D:3      | 1845 ||| FLEEEEING.
  1846 | D:3      | 1846 ||| FLEEEEING.
  1847 | D:3      | 1847 ||| FLEEEEING.
  1848 | D:3      | 1848 ||| FLEEEEING.
  1849 | D:3      | 1849 ||| FLEEEEING.
  1850 | D:3      | 1850 ||| FLEEEEING.
  1857 | D:3      | HP: 7/28 [orc/+0 morningstar (6)]
  1857 | D:3      | Slain by an orc

Levels and vault maps discovered:
D:1:      lightli_arrival_quake, layout_rooms, minmay_door_square,
          minmay_octomino_j4
D:2:      layout_rooms, basic_ecumenical_altar, reono_crystal_passage,
          kennysheep_generic_room_2
D:3:      layout_loops_cross

Skill      XL: |  1  2  3  4 |
---------------+-------------+-----
Axes           | 2 3 4 |  4.3
Fighting       | |  3.2
Armour         | |  3.2
Shields        | |  3.2

Action                     |  1- 3 |  4- 6 || total
---------------------------+-------+-------++-------
  Melee: War axe           |   115 |    58 ||   173
    Use: Scroll            |     5 |     1 ||     6
 Armour: Scale mail        |    47 |    29 ||    76
  Dodge: Dodged            |    61 |    27 ||    88
  Block: Buckler           |    19 |     6 ||    25

Table legend:
 A = Non-vault XP
 B = Vault XP
 C = Vault XP percentage of total XP
 D = Non-vault monster count
 E = Vault monster count
 F = Vault count percentage of total count
                 A         B        C        D         E       F
            +---------+---------+-------+---------+---------+-------
      Total |     136 |       2 |   1.4 |      57 |       1 |   1.7
            +---------+---------+-------+---------+---------+-------
        D:1 |      42 |       2 |   4.5 |      27 |       1 |   3.6
        D:2 |      68 |       0 |   0.0 |      18 |       0 |   0.0
        D:3 |      26 |       0 |   0.0 |      12 |       0 |   0.0
            +---------+---------+-------+---------+---------+-------
